 Dungeon Crawl Stone Soup version 0.28-a0-175-gb2089b6bb7 (webtiles) character file.

Game seed: 14715694548623988471

113 Arne the Gusty (level 4, -5/24 HPs)
             Began as a Tengu Air Elementalist on Aug 17, 2021.
             Slain by Sigmund (14 damage)
             ... on level 3 of the Dungeon.
             The game lasted 00:21:12 (2921 turns).

Arne the Gusty (Tengu Air Elementalist)             Turns: 2921, Time: 00:21:13

Health: -5/24      AC:  3    Str:  8    XL:     4   Next: 96%
Magic:  2/8        EV: 12    Int: 15    God:
Gold:   112        SH:  0    Dex: 16    Spells: 6/7 levels left

rFire   + . .      SeeInvis .   k - +5 short sword
rCold   . . .      Faith    .   (no shield)
rNeg    . . .      Spirit   .   a - +0 robe
rPois   .          Reflect  .   (helmet restricted)
rElec   .          Harm     .   (no cloak)
rCorr   .          Rampage  .   o - +0 pair of gloves
Will    .....                   (boots unavailable)
Stlth   ++........              (no amulet)
HPRegen 0.08/turn               g - ring of fire
MPRegen 0.11/turn               j - ring of protection from cold

@: no status effects
A: beak, talons 3
a: no special abilities


You were on level 3 of the Dungeon.
You visited 1 branch of the dungeon, and saw 3 of its levels.

You collected 112 gold pieces.

Inventory:

Hand Weapons
 e - a +0 club
 k - a +5 short sword (weapon)
 p - a +2 dagger of electrocution
Armour
 a - a +0 robe (worn)
 o - a +0 pair of gloves (worn)
Jewellery
 g - a ring of fire (left hand)
 j - a ring of protection from cold (right hand)
Scrolls
 b - 2 scrolls of amnesia {unknown}
 d - a scroll of fear {unknown}
 h - 3 scrolls of teleportation {unknown}
 l - a scroll of noise {unknown}
 m - 2 scrolls of identify {unknown}
 n - a scroll of enchant weapon {unknown}
Potions
 c - 2 potions of curing
 f - 2 potions of attraction {unknown}
 i - a potion of flight {unknown}


   Skills:
 + Level 0.4 Fighting
 + Level 1.0 Short Blades
 + Level 1.0 Maces & Flails
 + Level 2.5 Dodging
 + Level 2.7 Stealth
 + Level 2.4 Spellcasting
 + Level 2.0 Conjurations
 + Level 5.4 Air Magic


You had 6 spell levels left.
You knew the following spells:

 Your Spells              Type           Power      Damage    Failure   Level
a - Shock                 Conj/Air       52%        1d6       4%          1

Your spell library contained the following spells:

 Spells                   Type           Power      Damage    Failure   Level
 Static Discharge         Conj/Air       13%        N/A       7%          2
 Swiftness                Air            18%        N/A       7%          3
 Airstrike                Air            9%         N/A       22%         4
 Slow                     Hex            1%         N/A       32%         2
 Confusing Touch          Hex            1%         N/A       54%         3
 Yara's Violent Unravell  Hex/Tmut       0%         3d3       99%         5


Dungeon Overview and Level Annotations

Branches:
Dungeon (3/15)

Altars:
Zin

Annotations:
D:3 Sigmund


Innate Abilities, Weirdness & Mutations

You have a beak for a mouth.
You have claws for feet.


Message History

Confirm with . or Enter, or press ? or * to list all spells.
Aiming: Shock (safe; 4% risk of failure)
Press: ? - help, Shift-Dir - straight line The zap hits Sigmund.
Sigmund is lightly wounded.
The zap hits Sigmund.
Sigmund is moderately wounded.
Casting: Shock (safe; 4% risk of failure)
Confirm with . or Enter, or press ? or * to list all spells.
Aiming: Shock (safe; 4% risk of failure)
Press: ? - help, Shift-Dir - straight line The zap misses Sigmund. x2
Sigmund points at you and mumbles some strange words.
You resist with some effort.
Casting: Shock (safe; 4% risk of failure)
Confirm with . or Enter, or press ? or * to list all spells.
Aiming: Shock (safe; 4% risk of failure)
Press: ? - help, Shift-Dir - straight line The zap hits Sigmund.
Sigmund is moderately wounded.
The zap hits Sigmund.
Sigmund is heavily wounded.
Sigmund hits you from afar with a +0 scythe!
Ouch! That really hurt!
* * * LOW HITPOINT WARNING * * *
Casting: Shock (safe; 4% risk of failure)
Confirm with . or Enter, or press ? or * to list all spells.
Aiming: Shock (safe; 4% risk of failure)
Press: ? - help, Shift-Dir - straight line The zap misses Sigmund. x2
Sigmund hits you from afar with a +0 scythe.
* * * LOW HITPOINT WARNING * * *
You drop a coppery potion.
c - 3 coppery potions (gained 1) Sigmund casts a spell at you.
You resist with some effort.
It was a potion of curing.
You feel better.
Sigmund hits you from afar with a +0 scythe!
Ouch! That really hurt!
You die...

#....<.# ########..
#.####.# #.# #.# #.#
#.# #.## #.#
#########.# #..# #.#
####.........#
.######.# #.#
..............#
........# #.# #@##
#.###..##..
######..###.####...##
#..####
#..##.....@....# #..#
# #..##..####....#
#..# # #..##..# #.#.#
#..# # #..##..# #.#.#
# #..# # #..##..#
#.#.# .# #..####
#.<##..#####>.# #.#
#......
#..##..##....###..
##.....
#..##...<.....#.#
######
#..##.###.####.# # #


You could see Sigmund.

Vanquished Creatures
  An orc priest (D:3)
  3 adders (D:2)
  A worm (D:2)
  5 orcs (D:3)
  4 endoplasms
  3 giant cockroaches
  8 goblins
  5 hobgoblins
  A quokka (D:2)
  8 ball pythons
  3 bats
  A frilled lizard (D:3)
  3 kobolds
  4 rats
50 creatures vanquished.

Notes
Turn   | Place    | Note
-------+----------+-------------------------------------------
     0 | D:1      | Arne the Tengu Air Elementalist began the quest for the
                  | Orb.
     0 | D:1      | Reached XP level 1. HP: 10/10 MP: 4/4
   354 | D:1      | Reached XP level 2. HP: 8/15 MP: 4/6
  1036 | D:2      | Reached skill level 5 in Air Magic
  1036 | D:2      | Reached XP level 3. HP: 7/19 MP: 5/7
  1122 | D:2      | Reached skill level 1 in Maces & Flails
  1561 | D:2      | Reached XP level 4. HP: 12/24 MP: 6/8
  1671 | D:2      | Found a glowing silver altar of Zin.
  2640 | D:3      | Reached skill level 1 in Short Blades
  2910 | D:3      | Noticed Sigmund
  2921 | D:3      | Slain by Sigmund

Illustrated notes

Levels and vault maps discovered:
D:1:      ncdulo_wetmaze, layout_basic
D:2:      layout_loops_corners, basic_altar, columned_hall_lemuel,
          chequers_serial_rivers_micro_e, nicolae_underground_beach
D:3:      layout_loops_ring, uniq_sigmund

Skill      XL: |  1  2  3  4 |
---------------+-------------+-----
Air Magic      | 5 |  5.4
Maces & Flails | 1 |  1.0
Conjurations   | 2 |  2.0
Short Blades   | 1 |  1.0
Fighting       | |  0.4
Dodging        | |  2.5
Stealth        | |  2.7
Spellcasting   | |  2.4

Action                   |  1- 3 |  4- 6 || total
-------------------------+-------+-------++-------
Melee: Unarmed           |     5 |       ||     5
       Club              |    17 |       ||    17
       Peck              |     5 |     3 ||     8
       Short sword       |    34 |    17 ||    51
       Kick              |     5 |     5 ||    10
 Cast: Shock             |    36 |    22 ||    58
  Use: Potion            |       |     1 ||     1
 Stab: Sleeping          |     3 |     2 ||     5
Armor: Robe              |     7 |     2 ||     9
Dodge: Dodged            |    39 |     9 ||    48

Table legend: (Time is in decaauts)
 A = Elapsed time spent in this place.
 B = Non-inter-level travel time spent in this place.
 C = Inter-level travel time spent in this place.
 D = Time resting spent in this place.
 E = Time spent auto-exploring this place.
 F = Levels seen in this place.
 G = Mean time per level.
                   A        B        C        D        E       F      G
               +--------+--------+--------+--------+--------+-----+--------+
         Total |   2939 |   2939 |      0 |    620 |      0 |   3 |  979.7 |
       Dungeon |   2939 |   2939 |      0 |    620 |      0 |   3 |  979.7 |
               +--------+--------+--------+--------+--------+-----+--------+

Top non-repeatable levels by time:
     D:2: 1446 daAuts
     D:1: 956 daAuts
     D:3: 536 daAuts
